 Dungeon Crawl Stone Soup version 0.27-a0-1066-g29160eaed2 (webtiles) character file.

Game seed: 2689419146878483630

178 Wormfoot the Skirmisher (level 5, 0/44 HPs)
             Began as a Palentonga Fighter on Apr 24, 2021.
             Slain by a frilled lizard (2 damage)
             ... on level 4 of the Dungeon.
             The game lasted 00:11:51 (2659 turns).

Wormfoot the Skirmisher (Palentonga Fighter)        Turns: 2659, Time: 00:11:51

Health: 0/44       AC:  6    Str: 20    XL:     5   Next: 32%
Magic:  5/5        EV:  5    Int:  9    God:
Gold:   149        SH:  9    Dex:  9    Spells: 4/4 levels left

rFire    . . .     SeeInvis +   a - +1 long sword
rCold    . . .     Faith    .   c - +0 kite shield
rNeg     . . .     Spirit   .   b - +0 scale mail
rPois    .         Reflect  .   (no helmet)
rElec    .         Harm     .   (no cloak)
rCorr    .         Rampage  .   (no gloves)
Will     .....                  (no barding)
Stlth    ..........             (no amulet)
HPRegen  0.14/turn              (no ring)
MPRegen  0.09/turn              (no ring)

@: no status effects
A: large, rugged brown scales 3, see invisible, deformed body, roll 1, armoured
tail
a: Rolling Charge


You were on level 4 of the Dungeon.
You visited 1 branch of the dungeon, and saw 4 of its levels.

You collected 149 gold pieces.

Inventory:

Hand Weapons
 a - a +1 long sword (weapon)
 h - a +0 short sword
 m - a +0 dagger of venom
Missiles
 u - 19 arrows
Armour
 b - a +0 scale mail (worn)
 c - a +0 kite shield (worn)
 j - a +0 ring mail
 l - a +0 pair of boots
Magical Staves
 r - a staff of air
Jewellery
 e - a ring of protection from cold
Scrolls
 i - a scroll of magic mapping {unknown}
 n - a scroll of teleportation {unknown}
 p - a scroll of fog {unknown}
 q - a scroll of fear {unknown}
Potions
 d - a potion of might
 f - a potion of cancellation {unknown}
 k - 2 potions of mutation {unknown}
 o - a potion of curing {unknown}
 s - a potion of magic {unknown}
 t - a potion of attraction {unknown}


   Skills:
 + Level 4.0 Fighting
 + Level 3.2 Long Blades
 + Level 3.2 Armour
 + Level 3.2 Shields


You had 4 spell levels left.
You didn't know any spells.
Your spell library contained the following spells:

 Spells                   Type           Power      Damage    Failure   Level
 Magic Dart               Conj           0%         1d3       99%         1
 Searing Ray              Conj           0%         3d3       99%         2
 Dazzling Flash           Conj/Hex       0%         N/A       100%        3
 Fulminant Prism          Conj/Hex       0%         3d6       100%        4
 Iskenderun's Mystic Bla  Conj/Tloc      0%         2d3       100%        4


Dungeon Overview and Level Annotations

Branches:
Dungeon (4/15)
 Temple: D:4-7

Altars:
Ashenzari
Kikubaaqudgha

Shops:
D:2 =


Innate Abilities, Weirdness & Mutations

You are completely covered in rugged brown scales. (AC +3, +7% HP)
You have supernaturally acute eyesight. (SInv)
Armour fits poorly on your strangely shaped body.
You can roll at nearby foes to attack.
You have a long armoured tail.


Message History

You kill the kobold brigand!
The frilled lizard bites you but does no damage.
Your Fighting skill increases to level 4!
Your Long Blades skill increases to level 3!
You have reached level 5!
As you read the scroll labelled BAWNAE PENWA, it crumbles to dust.
It is a scroll of enchant weapon.
Your +0 long sword glows red for a moment.
You block the frilled lizard's attack. The frilled lizard barely misses you.
Things that are here:
a +0 short sword; 4 poisoned darts; a kobold corpse You barely miss the frilled lizard.
You block the frilled lizard's attack.
The frilled lizard bites you but does no damage.
You barely miss the kobold.
Your tail-slap misses the kobold.
The kobold hits you but does no damage. You block the frilled lizard's attack.
The kobold hits you but does no damage.
You closely miss the kobold.
The frilled lizard bites you but does no damage.
The kobold hits you but does no damage.
You barely miss the kobold. You tail-slap the kobold.
You kill the kobold!
The frilled lizard bites you.
* * * LOW HITPOINT WARNING * * *
The frilled lizard bites you.
* * * LOW HITPOINT WARNING * * *
You block the frilled lizard's attack.
Things that are here:
a +0 short sword; a stone; a kobold corpse You closely miss the frilled lizard.
The frilled lizard bites you but does no damage.
You miss the frilled lizard.
The frilled lizard bites you but does no damage. x2
You barely miss the frilled lizard.
Your tail-slap misses the frilled lizard.
The frilled lizard bites you but does no damage.
You closely miss the frilled lizard. The frilled lizard bites you.
* * * LOW HITPOINT WARNING * * *
The frilled lizard bites you.
You die...

#...## ♣.÷§§...# .....#
#♣.§.§..≈♣ .....#
#P.......♣
#..#######P.÷÷).#♣ .#
#..###..# #P.)÷PP♣ ..#
#.......# #P...P♣P###..##
#.......#####†#####......
........#...).).l........
........#....#..@........
#..###<.##...#...........
#..#######...+...........
........##?.##..###...###
........######..###...#
........................
#...##..................
#...##..##..####.###..##
........##..# .# .


You could see a frilled lizard.

Vanquished Creatures
  A kobold brigand (D:4)
  3 adders
  A shadow imp (D:4)
  A worm (D:2)
  4 dart slugs
  3 ball pythons (D:1)
  8 endoplasms
  3 giant cockroaches
  5 goblins
  3 hobgoblins
  7 jackals
  3 quokkas
  6 bats
  2 frilled lizards
  7 kobolds
  2 rats
59 creatures vanquished.

Vanquished Creatures (others)
  5 plants (D:4)
5 creatures vanquished.

Grand Total: 64 creatures vanquished

Notes
Turn   | Place    | Note
-------+----------+-------------------------------------------
     0 | D:1      | Wormfoot the Palentonga Fighter began the quest for the
                  | Orb.
     0 | D:1      | Reached XP level 1. HP: 19/19 MP: 1/1
   200 | D:1      | Reached XP level 2. HP: 21/25 MP: 2/2
   445 | D:1      | Found a faded altar of an unknown god.
   701 | D:2      | Reached XP level 3. HP: 31/31 MP: 3/3
   745 | D:2      | Found Qashraebe's Jewellery Boutique.
  1662 | D:3      | Reached XP level 4. HP: 22/38 MP: 4/4
  1834 | D:3      | Found a broken altar of Ashenzari.
  2584 | D:4      | Found an ancient bone altar of Kikubaaqudgha.
  2623 | D:4      | Noticed a kobold brigand
  2645 | D:4      | Killed a kobold brigand
  2646 | D:4      | Reached skill level 4 in Fighting
  2646 | D:4      | Reached XP level 5. HP: 4/44 MP: 5/5
  2654 | D:4      | HP: 2/44 [frilled lizard (2)]
  2659 | D:4      | HP: 2/44 [frilled lizard (1)]
  2659 | D:4      | Slain by a frilled lizard

Illustrated notes

Levels and vault maps discovered:
D:1:      dpeg_arrival_pits, layout_rooms,
          shapermc_ecumenical_altar_mp_highgroup
D:2:      layout_basic, serial_shops, nicolae_shop_trees
D:3:      layout_rooms, evilmike_ruin_ashenzari
D:4:      layout_gridville, old_standard_altar, overflow_temple_1_default,
          temple_fountains, lexackson_kobold_supper

Skill      XL: |  1  2  3  4 |
---------------+-------------+-----
Armour         | 3 |  3.2
Shields        | 3 |  3.2
Fighting       | 4 |  4.0
Long Blades    | 3 |  3.2

Action                   |  1- 3 |  4- 6 || total
-------------------------+-------+-------++-------
Melee: Long sword        |   116 |    56 ||   172
       Tailslap          |     8 |     5 ||    13
 Abil: Rolling Charge    |       |     2 ||     2
  Use: Potion            |       |     1 ||     1
       Scroll            |       |     1 ||     1
Armor: Scale mail        |    74 |    56 ||   130
Dodge: Dodged            |    48 |    26 ||    74
Block: Kite shield       |    83 |    42 ||   125
       Rpst.: Long sword |    22 |     7 ||    29

Table legend: (Time is in decaauts)
 A = Elapsed time spent in this place.
 B = Non-inter-level travel time spent in this place.
 C = Inter-level travel time spent in this place.
 D = Time resting spent in this place.
 E = Time spent auto-exploring this place.
 F = Levels seen in this place.
 G = Mean time per level.
                   A        B        C        D        E       F      G
               +--------+--------+--------+--------+--------+-----+--------+
         Total |   2751 |   2684 |     67 |      0 |   2111 |   4 |  687.8 |
       Dungeon |   2751 |   2684 |     67 |      0 |   2111 |   4 |  687.8 |
               +--------+--------+--------+--------+--------+-----+--------+

Top non-repeatable levels by time:
     D:2: 1002 daAuts
     D:3: 874 daAuts
     D:1: 690 daAuts
     D:4: 184 daAuts
